 Dungeon Crawl Stone Soup version 0.29-a0-334-gb41bcbb86e (webtiles) character file.

Game seed: 13330366809315508259

1127 kevlar127 the Ruffian (level 8, 0/79 HPs)
             Began as a Troll Berserker on Apr 15, 2022.
             Was a Believer of Trog.
             Slain by an orc
             ... wielding a +0 club
              (4 damage)
             ... on level 6 of the Dungeon.
             The game lasted 00:38:53 (8544 turns).

kevlar127 the Ruffian (Troll Berserker)             Turns: 8544, Time: 00:38:53

Health: 0/79       AC:  5    Str: 28    XL:     8   Next: 13%
Magic:  7/7        EV: 10    Int:  3    God:    Trog [**....]
Gold:   254        SH:  0    Dex:  9    Spells: 7/7 levels left

rFire   . . .      SeeInvis +     - Unarmed
rCold   . . .      Faith    .   (no shield)
rNeg    . . .      Spirit   .   a - +0 animal skin
rPois   .          Reflect  .   (helmet restricted)
rElec   .          Harm     .   i - +0 cloak
rCorr   .          Rampage  .   (gloves unavailable)
Will    ++...                   (boots unavailable)
Stlth   +.........              (no amulet)
HPRegen 2.03/turn               q - ring of see invisible
MPRegen 0.10/turn               (no ring)

@: mighty, strong-willed (expiring), on berserk cooldown, regenerating
(expiring), hasted and slowed
A: large, unfitting armour, claws 3, regeneration 1, shaggy fur 1, tough skin 1
a: Renounce Religion, Berserk, Trog's Hand


You were on level 6 of the Dungeon.
You worshipped Trog.
Trog was pleased with you.
You visited 1 branch of the dungeon, and saw 6 of its levels.

You collected 254 gold pieces.

Inventory:

Missiles
 g - 103 stones
 l - 2 javelins
 x - 3 boomerangs
 z - 5 atropa-tipped darts (quivered)
 A - 5 poisoned darts
Armour
 a - a +0 animal skin (worn)
 i - a +0 cloak (worn)
Jewellery
 h - a ring of magical power
 q - a ring of see invisible (left claw)
Wands
 r - a wand of flame (8)
 s - a wand of iceblast (5)
Scrolls
 c - a scroll of fog {unknown}
 d - a scroll of fear {unknown}
 e - a scroll of enchant armour {unknown}
 f - 6 scrolls of identify
 j - 3 scrolls of teleportation {unknown}
 m - a scroll of blinking {unknown}
 n - a scroll of immolation {unknown}
 t - 2 scrolls of silence {unknown}
 w - a scroll of amnesia {unknown}
 y - 2 scrolls of vulnerability {unknown}
Potions
 o - 2 potions of curing
 p - 2 potions of attraction
 u - a potion of lignification
 v - a potion of degeneration
 B - a potion of resistance {unknown}


   Skills:
 + Level 4.6 Fighting
 + Level 4.6 Dodging
 * Level 7.6 Unarmed Combat


You had 7 spell levels left.
You didn't know any spells.
Your spell library contained the following spells:

 Spells                   Type           Power      Damage    Failure   Level
 Beastly Appendage        Tmut           0%         N/A       52%         1
 Ensorcelled Hibernation  Hex/Ice        0%         N/A       67%         2
 Static Discharge         Conj/Air       0%         N/A       67%         2
 Wereblood                Tmut           0%         N/A       67%         2
 Spider Form              Tmut/Pois      0%         N/A       88%         3
 Anguish                  Hex/Necr       0%         N/A       99%         4
 Dispel Undead            Necr           0%         3d6       99%         4
 Fulminant Prism          Conj/Hex       0%         3d6       99%         4
 Iskenderun's Mystic Bla  Conj/Tloc      0%         2d3       99%         4
 Sticky Flame             Conj/Fire      0%         2d3       99%         4
 Lee's Rapid Deconstruct  Erth           0%         3d5*      100%        5


Dungeon Overview and Level Annotations

Branches:
Dungeon (6/15)
 Temple: D:4-7

Altars:


Innate Abilities, Weirdness & Mutations

You are too large for most types of armour.
You have claws for hands.
Your natural rate of healing is unusually fast.
You are covered in fur. (AC +1)
You have tough skin. (AC +1)


Message History

You are too injured to fight recklessly!
You are too injured to fight recklessly!
You feel a strong urge to attack something.
You are no longer berserk.
You are exhausted.
You feel yourself slow down.
The gnoll hits you from afar with a +0 spear.
The gnoll hits you with a +0 whip. The gnoll hits you with a +0 halberd!
Items here: ! ) [ †.
You closely miss the gnoll.
The gnoll is moderately wounded.
The gnoll barely misses you. The gnoll closely misses you.
The gnoll barely misses you.
You claw the gnoll!
The gnoll is almost dead.
The gnoll hits you from afar with a +0 spear.
The gnoll hits you but does no damage. The gnoll barely misses you. x2
The gnoll closely misses you.
An orc comes into view. It is wielding a +0 club.
The gnoll hits you from afar with a +0 spear.
You scratch the gnoll.
You kill the gnoll!
Trog accepts your kill. The gnoll hits you with a +0 halberd!
* * * LOW HITPOINT WARNING * * *
The gnoll hits you from afar with a +0 spear!
* * * LOW HITPOINT WARNING * * *
You feel the effects of Trog's Hand fading.
The gnoll hits you from afar with a +0 halberd!
* * * LOW HITPOINT WARNING * * *
Items here: )) ? ††.
You feel yourself speed up.
The gnoll hits you from afar with a +0 spear.
* * * LOW HITPOINT WARNING * * *
The gnoll closely misses you. The gnoll barely misses you.
The gnoll hits you from afar with a +0 spear.
* * * LOW HITPOINT WARNING * * *
The orc attacks as you move away! The orc hits you but does no damage.
The orc attacks as you move away! The orc hits you with a +0 club.
You die...

##### ### #...#
#...##############...###
#.....>@................
#...##o###########...###
#...(.)).# #.>.#
#....#o#g# #####
....#.#.#F# ... # #o#.#
.. ....# . ...## ##..


You could see 3 orcs.

Vanquished Creatures
  Grinder (D:5)
  2 black bears (D:5)
  A scorpion (D:5)
  5 hounds
  A jelly (D:6)
  2 gnoll shamans
  3 orc priests
  2 iguanas (D:5)
  An orc wizard (D:3)
  10 gnolls
  9 adders
  A shadow imp (D:6)
  A white imp (D:5)
  2 worms (D:2)
  4 dart slugs
  10 orcs
  5 endoplasms
  3 giant cockroaches
  5 goblins
  4 hobgoblins
  7 jackals
  2 quokkas
  9 ball pythons
  5 bats
  6 frilled lizards
  5 kobolds
  5 rats
111 creatures vanquished.

Vanquished Creatures (others)
  14 fungi
  3 plants (D:1)
17 creatures vanquished.

Grand Total: 128 creatures vanquished

Notes
Turn   | Place    | Note
-------+----------+-------------------------------------------
     0 | D:1      | kevlar127 the Troll Berserker began the quest for the Orb.
     0 | D:1      | Reached XP level 1. HP: 22/22 MP: 0/0
   784 | D:1      | Reached XP level 2. HP: 28/29 MP: 1/1
  1049 | D:1      | Found a faded altar of an unknown god.
  2475 | D:2      | Reached XP level 3. HP: 36/36 MP: 2/2
  2488 | D:2      | Reached XP level 4. HP: 36/45 MP: 3/3
  2498 | D:2      | Reached skill level 4 in Unarmed Combat
  2524 | D:2      | Reached ** piety under Trog
  3267 | D:2      | Reached XP level 5. HP: 53/53 MP: 4/4
  3536 | D:3      | Reached skill level 5 in Unarmed Combat
  4782 | D:4      | Reached XP level 6. HP: 61/61 MP: 5/5
  6289 | D:5      | Entered Level 5 of the Dungeon
  6321 | D:5      | Reached skill level 6 in Unarmed Combat
  6335 | D:5      | Noticed Grinder
  6346 | D:5      | Killed Grinder
  6347 | D:5      | Reached XP level 7. HP: 56/68 MP: 6/6
  6517 | D:5      | Reached *** piety under Trog
  7165 | D:5      | Reached skill level 7 in Unarmed Combat
  7586 | D:5      | Reached XP level 8. HP: 79/79 MP: 7/7
  8541 | D:6      | HP: 2/79 [gnoll/+0 halberd (12)]
  8544 | D:6      | Slain by an orc

Illustrated notes

Levels and vault maps discovered:
D:1:      heliophobic_arrival_henge, layout_loops_ring,
          shapermc_ecumenical_altar_mp_urbaneastern, corexii_corridor_pit,
          kennysheep_doodads
D:2:      layout_rooms
D:3:      layout_basic, chequers_serial_rivers_micro_c,
          kennysheep_generic_room_5
D:4:      layout_basic
D:5:      layout_rooms, minmay_liquid_box, dreamdust_gnoll_farm, uniq_grinder
D:6:      layout_basic

Skill      XL: |  1  2  3  4  5  6  7 |
---------------+----------------------+-----
Fighting       | 3 4 |  4.6
Dodging        | 3 4 |  4.6
Unarmed Combat | 4 5 6 7 |  7.6

Action                   |  1- 3 |  4- 6 |  7- 9 || total
-------------------------+-------+-------+-------++-------
Melee: Unarmed           |    95 |   159 |    95 ||   349
       Punch             |     1 |     5 |     6 ||    12
Throw: Dart              |       |       |     1 ||     1
Invok: Berserk           |     3 |     4 |     2 ||     9
       Trog's Hand       |       |       |     1 ||     1
  Use: Scroll            |       |     5 |       ||     5
       Potion            |       |     1 |     2 ||     3
 Stab: Sleeping          |     1 |     3 |       ||     4
Armor: Animal skin       |    25 |    55 |    20 ||   100
Dodge: Dodged            |    36 |    77 |    51 ||   164

Table legend: (Time is in decaauts)
 A = Elapsed time spent in this place.
 B = Non-inter-level travel time spent in this place.
 C = Inter-level travel time spent in this place.
 D = Time resting spent in this place.
 E = Time spent auto-exploring this place.
 F = Levels seen in this place.
 G = Mean time per level.
                   A        B        C        D        E       F      G
               +--------+--------+--------+--------+--------+-----+--------+
         Total |   8583 |   8348 |    235 |   4771 |   2458 |   6 | 1430.5 |
       Dungeon |   8583 |   8348 |    235 |   4771 |   2458 |   6 | 1430.5 |
               +--------+--------+--------+--------+--------+-----+--------+

Top non-repeatable levels by time:
     D:1: 2486 daAuts
     D:5: 1945 daAuts
     D:4: 1793 daAuts
     D:3: 1049 daAuts
     D:2: 1030 daAuts
     D:6: 278 daAuts
